 Dungeon Crawl Stone Soup version 0.31-a0-233-g139696dc86 (webtiles) character file.

Game seed: 9818873642039125476

506 MisterAzrael the Grave Robber (level 6, -1/32 HPs)
             Began as a Deep Elf Necromancer on July 8, 2023.
             Was an Initiate of Yredelemnul.
             Killed by divine providence
             ... invoked by an orc priest
              (13 damage)
             ... on level 4 of the Dungeon.
             The game lasted 00:10:03 (4428 turns).

MisterAzrael the Grave Robber (DENe)                Turns: 4428, Time: 00:10:03

Health: -1/32      AC:  2    Str:  5    XL:     6   Next: 97%
Magic:  10/17      EV: 13    Int: 22    God:    Yredelemnul [......]
Gold:   210        SH:  0    Dex: 15    Spells: 9/17 levels left

rFire   . . .        n - +0 spear (vamp)
rCold   . . .        (no shield)
rNeg    . . .        a - +0 robe
rPois   .            (no helmet)
rElec   .            (no cloak)
rCorr   .            (no gloves)
SInv    .            (no boots)
Will    .....        y - amulet of magic regeneration
Stlth   ++           g - ring of wizardry
HPRegen 0.25/turn    (no ring)
MPRegen 0.55/turn

%: wizardry (x1)
@: no status effects
A: no striking features
a: Renounce Religion, Recall Undead Harvest


You were on level 4 of the Dungeon.
You worshipped Yredelemnul.
Yredelemnul was noncommittal.
You visited 2 branches of the dungeon, and saw 6 of its levels.

You collected 210 gold pieces.

Inventory:

Hand Weapons
 n - a +0 vampiric spear (weapon)
Armour
 a - a +0 robe (worn)
 l - an orb of wrath
 o - the +5 ring mail "Tagh" {rPois Will+ Int+3}
   (You found it on level 3 of the Dungeon)

   Int:       It affects your intelligence (+3).
   rPois:     It protects you from poison.
   Will:      It increases your willpower.
Jewellery
 g - a ring of wizardry (left hand)
 y - an amulet of magic regeneration (around neck)
Wands
 b - a wand of roots (4)
Scrolls
 c - a scroll of fear {unknown}
 f - a scroll of amnesia {unknown}
 h - 3 scrolls of identify
 i - a scroll of immolation {unknown}
 j - a scroll of vulnerability {unknown}
 m - a scroll of torment {unknown}
 r - a scroll of blinking
 s - a scroll of revelation {unknown}
 u - 2 scrolls of teleportation {unknown}
 w - a scroll of noise {unknown}
Potions
 d - 2 potions of curing {unknown}
 e - a potion of mutation {unknown}
 k - a potion of heal wounds {unknown}
 p - a potion of resistance {unknown}
 q - a potion of degeneration {unknown}
 t - a potion of brilliance {unknown}
 v - a potion of attraction {unknown}
 x - a potion of invisibility {unknown}


   Skills:
 + Level 1.8 Polearms
 - Level 2.7 Dodging
 - Level 2.7 Stealth
 + Level 6.2 Spellcasting
 * Level 7.8 Necromancy


You had 9 spell levels left.
You knew the following spells:

 Your Spells              Type           Power      Damage    Failure   Level
a - Necrotise             Necr           100%       1d9       1%          1
b - Vampiric Draining     Necr           41%        2d8       1%          3
c - Animate Dead          Necr           41%        N/A       1%          4

Your spell library contained the following spells:

 Spells                   Type           Power      Damage    Failure   Level
 Agony                    Necr           41%        N/A       4%          5
 Blink                    Tloc           12%        N/A       6%          2
 Summon Guardian Golem    Hex/Summ       6%         N/A       11%         3
 Manifold Assault         Tloc           6%         N/A       32%         4
 Orb of Destruction       Conj           3%         9d5       100%        7
 Spellforged Servitor     Conj/Summ      3%         N/A       100%        7
 Storm Form               Tmut/Air       3%         N/A       100%        7


Dungeon Overview and Level Annotations

Branches:
Dungeon (5/15)             Temple (1/1) D:4

Altars:
Ashenzari
Cheibriados
Dithmenos
Elyvilon
Gozag
Hepliaklqana
Okawaru
Ru
Trog
Uskayaw
Wu Jian
Xom
Yredelemnul
Zin


Message History

The sleepcap closely misses you.
Casting: Vampiric Draining (safe; 1% risk of failure)
Confirm with . or Enter, or press ? or * to list all spells.
Aiming: Vampiric Draining (safe; 1% risk of failure)
Press: ? - help, Shift-Dir - straight line, f/p - sleepcap
Aim: a sleepcap (heavily damaged)
You draw life force from the sleepcap!
The orc priest hits you but does no damage.
The orc misses you. The sleepcap releases spores at you.
Casting: Vampiric Draining (safe; 1% risk of failure)
Confirm with . or Enter, or press ? or * to list all spells.
Aiming: Vampiric Draining (safe; 1% risk of failure)
Press: ? - help, Shift-Dir - straight line, f/p - sleepcap
Aim: a sleepcap (almost destroyed)
You draw life force from the sleepcap!
You destroy the sleepcap!
You feel life coursing into your body.
The orc priest mumbles some strange prayers to Beogh against you.
Beogh smites you! The orc barely misses you. The orc priest barely misses you.
Your life force feels restored.
The orc closely misses you.
The orc priest hits you with a +0 dagger.
You climb upwards.
There is a stone staircase leading down, spattered with blood here.
Casting: Vampiric Draining (safe; 1% risk of failure)
Confirm with . or Enter, or press ? or * to list all spells.
Okay, then.
As you read the scroll labelled ELOTEW PAECVAU, it crumbles to dust.
It is a scroll of identify.
r - 2 scrolls of blinking The orc priest hits you with a +0 dagger.
The orc priest misses you. The orc priest hits you with a +0 club.
Blink to where?
Press: ? - help, Dir - move target
As you read the scroll of blinking, it crumbles to dust.
The orc priest looks braver for a moment.
The orc priest calls down the wrath of Beogh upon you.
Beogh smites you!
You die...
Your body rises from the dead as a mindless zombie.

#...........#'#.#####.#'#.
###...........#.'...'.#...
##............###[..#####.
#.............#.......#.'.
#........##...#+#...#'#†##
#............##.#...#.....
###........[..###.##'##.....
####.#............#[.##..#.....
#.............@......#...#'#.##
#.#............<....###....#.+.
#...#...#...#.............####.
#..###.###.###.##...oo..###....
#....###.....##......o.>....##.
#.†###.###.######<.......#.###.
##...#..Z#...# #...........###
#..#...#.....# ##........####Z
#.###.###)...# ####..##..#...


You could see 3 orc priests.

Vanquished Creatures
  A black bear (D:4)
  2 scorpions (D:4)
  A sleepcap (D:5)
  An orc priest (D:4)
  Jessica (D:2)
  Ijyb (D:2)
  An iguana (D:4)
  An orc wizard (D:4)
  7 adders
  2 worms
  8 orcs
  5 endoplasms
  A giant cockroach (D:2)
  12 goblins
  4 hobgoblins
  7 kobolds
  2 quokkas
  8 ball pythons
  A bat (D:3)
  5 frilled lizards
  5 rats
  A spectral orc (D:4)
77 creatures vanquished.

Vanquished Creatures (others)
  2 goblin zombies (D:2)
  A hobgoblin zombie (D:2)
3 creatures vanquished.

Grand Total: 80 creatures vanquished

Notes
Turn   | Place    | Note
-------+----------+-------------------------------------------
     0 | D:1      | MisterAzrael the Deep Elf Necromancer began the quest for
                  | the Orb.
     0 | D:1      | Reached XP level 1. HP: 10/10 MP: 6/6
   238 | D:1      | Reached skill level 5 in Necromancy
   238 | D:1      | Reached XP level 2. HP: 15/15 MP: 6/8
   327 | D:1      | You fall into a shaft and drop 1 floor!
   673 | D:2      | Reached XP level 3. HP: 19/19 MP: 6/10
   707 | D:2      | Learned a level 3 spell: Vampiric Draining
  1098 | D:2      | Noticed Jessica
  1106 | D:2      | Killed Jessica
  1107 | D:2      | Reached XP level 4. HP: 16/24 MP: 4/12
  1145 | D:2      | Learned a level 4 spell: Animate Dead
  1433 | D:2      | Noticed Ijyb
  1463 | D:2      | Killed Ijyb
  1464 | D:2      | Reached skill level 6 in Necromancy
  1857 | D:3      | Reached skill level 5 in Spellcasting
  2002 | D:3      | Found a bloodstained altar of Trog.
  2217 | D:3      | Identified the +5 ring mail "Tagh" {rPois Will+ Int+3}
  2350 | D:3      | Found an opulent altar of Gozag.
  2828 | D:4      | Reached XP level 5. HP: 28/28 MP: 10/14
  2914 | D:5      | Entered Level 5 of the Dungeon
  3135 | D:4      | Found a staircase to the Ecumenical Temple.
  3151 | Temple   | Entered the Ecumenical Temple
  3520 | D:4      | Reached skill level 1 in Polearms
  3627 | D:4      | Reached skill level 7 in Necromancy
  3627 | D:4      | Reached XP level 6. HP: 32/32 MP: 2/16
  3788 | D:4      | Found a broken altar of Ashenzari.
  4386 | D:4      | Found a basalt altar of Yredelemnul.
  4399 | D:4      | Became a worshipper of Yredelemnul the Dark
  4428 | D:4      | Killed from afar by an orc priest

Illustrated notes

Levels and vault maps discovered:
D:1:      dpeg_arrival_rooms_b, layout_loops_ring
D:2:      kennysheep_the_goblin_king, layout_loops_corners, uniq_jessica
D:3:      layout_rooms, mainiacjoe_overflow_chevrons,
          mainiacjoe_overflow_catwalk
D:4:      nicolae_cairo_tiling_large, layout_cave_pools, ashenzari_altar_1,
          yredelemnul_forgotten_temple_becter, minmay_temple_entry_glass,
          minmay_between
D:5:      layout_cave_pools
Temple:   chequers_temple_sunken

Skill      XL: |  1  2  3  4  5  6 |
---------------+-------------------+-----
Necromancy     | 5 6 7 |  7.8
Spellcasting   | 4 5 6 |  6.2
Polearms       | 1 |  1.8
Dodging        | |  2.7
Stealth        | |  2.7

Action                     |  1- 3 |  4- 6 || total
---------------------------+-------+-------++-------
  Melee: Unarmed           |     2 |     1 ||     3
         Spear             |       |    18 ||    18
   Cast: Necrotise         |    35 |    17 ||    52
         Vampiric Draining |     4 |    65 ||    69
         Animate Dead      |       |     5 ||     5
    Use: Potion            |       |     1 ||     1
         Scroll            |       |     2 ||     2
   Stab: Sleeping          |       |     4 ||     4
 Armour: Robe              |     4 |     9 ||    13
         Ring mail         |       |    11 ||    11
  Dodge: Dodged            |     6 |    57 ||    63

Table legend: (Time is in decaauts)
 A = Elapsed time spent in this place.
 B = Non-inter-level travel time spent in this place.
 C = Inter-level travel time spent in this place.
 D = Time resting spent in this place.
 E = Time spent auto-exploring this place.
 F = Levels seen in this place.
 G = Mean time per level.
                   A        B        C        D        E       F      G
               +--------+--------+--------+--------+--------+-----+--------+
         Total |   4474 |   4432 |     42 |   1317 |   2415 |   6 |  745.7 |
       Dungeon |   4176 |   4134 |     42 |   1243 |   2203 |   5 |  835.2 |
        Temple |    298 |    298 |      0 |     74 |    212 |   1 |  298.0 |
               +--------+--------+--------+--------+--------+-----+--------+

Top non-repeatable levels by time:
     D:2: 1515 daAuts
     D:4: 1299 daAuts
     D:3: 1026 daAuts
     D:1: 327 daAuts
  Temple: 298 daAuts
     D:5: 8 daAuts
